 Dungeon Crawl Stone Soup version 0.31-a0-881-ge136f0c47a (webtiles) character file.

Game seed: 16278297079982665944

196 pokeman the Magician (level 5, 0/29 HPs)
             Began as a Deep Elf Hedge Wizard on Oct 16, 2023.
             Slain by a centaur zombie (4 damage)
             ... in an ossuary.
             The game lasted 00:09:55 (3321 turns).

pokeman the Magician (Deep Elf Hedge Wizard)        Turns: 3321, Time: 00:09:56

Health: 0/29       AC:  2    Str:  7    XL:     5   Next: 45%
Magic:  24/24      EV: 13    Int: 21    God:
Gold:   148        SH:  0    Dex: 14    Spells: 8/16 levels left

rFire   . . .        a - +0 dagger
rCold   . . .        (no shield)
rNeg    . . .        b - +0 robe
rPois   .            c - +0 hat
rElec   .            (no cloak)
rCorr   .            (no gloves)
SInv    .            (no boots)
Will    .....        (no amulet)
Stlth   ++           e - ring of magical power
HPRegen 0.24/turn    (no ring)
MPRegen 0.19/turn

%: no passive effects
@: marked
A: no striking features
a: no special abilities


You were in an ossuary.
You visited 1 branch of the dungeon, and saw 4 of its levels.
You also visited: Ossuary.

You collected 148 gold pieces.

Inventory:

Hand Weapons
 a - a +0 dagger (weapon)
Armour
 b - a +0 robe (worn)
 c - a +0 hat (worn)
Magical Staves
 h - a staff of conjuration
Jewellery
 e - a ring of magical power (left hand)
Scrolls
 f - 2 scrolls of identify {unknown}
 g - a scroll of enchant armour {unknown}
 k - a scroll of fear {unknown}
 m - 2 scrolls of teleportation {unknown}
Potions
 d - 2 potions of magic
 i - a potion of mutation {unknown}
 j - a potion of resistance {unknown}
 l - a potion of curing {unknown}


   Skills:
 - Level 1.0 Fighting
 - Level 1.0 Armour
 - Level 3.1 Dodging
 - Level 3.1 Stealth
 * Level 6.3 Spellcasting
 + Level 2.6 Conjurations
 - Level 1.1 Summonings
 - Level 1.1 Translocations
 + Level 0.4 Air Magic
 + Level 0.3 Poison Magic
 + Level 0.0 Evocations


You had 8 spell levels left.
You knew the following spells:

 Your Spells              Type           Power      Damage    Failure   Level
a - Magic Dart            Conj           68%        1d6       3%          1
b - Mephitic Cloud        Conj/Pois/Air  11%        N/A       19%         3
c - Call Imp              Summ           22%        N/A       9%          2
d - Blink                 Tloc           22%        N/A       9%          2

Your spell library contained the following spells:

 Spells                   Type           Power      Damage    Failure   Level
 Shock                    Conj/Air       52%        1d6       4%          1
 Slow                     Hex            24%        N/A       10%         1
 Cigotuvi's Dreadful Rot  Necr/Pois/Air  14%        N/A       13%         2
 Sublimation of Blood     Necr           6%         N/A       14%         2
 Wereblood                Tmut           6%         N/A       14%         2
 Swiftness                Air            8%         N/A       24%         3
 Airstrike                Air            4%         2d(1-17)  63%         4
 Summon Hydra             Summ           5%         N/A       100%        7


Dungeon Overview and Level Annotations

Branches:
Dungeon (4/15)            Ossuary (1/1)
 Temple: D:4-7

Altars:
Okawaru

Annotations:
D:3 3 runed translucent doors, wtrnl's ghost, weakling OpIE


Message History

The adder zombie is heavily damaged.
The centaur zombie hits you.
The centaur zombie kicks you but does no damage.
The adder zombie bites you but does no damage.
Your cerulean imp barely misses the adder zombie.
Unknown command.
You completely miss the adder zombie.
The adder zombie is heavily damaged.
The centaur zombie completely misses you.
The centaur zombie misses you. The adder zombie misses you.
Your cerulean imp hits the adder zombie but does no damage.
Unknown command.
You hit the adder zombie.
The adder zombie is severely damaged.
The centaur zombie hits you. The centaur zombie kicks you.
The adder zombie bites you but does no damage.
Your cerulean imp hits the adder zombie with a -3 spear.
The centaur zombie closely misses you. The centaur zombie kicks you.
Unknown command.
You hit the adder zombie.
You destroy the adder zombie!
The centaur zombie hits you. The centaur zombie kicks you.
Your cerulean imp hits the adder zombie with a -3 spear.
Unknown command.
You hit the adder zombie.
The adder zombie is heavily damaged.
The adder zombie misses you. The centaur zombie hits you.
The centaur zombie closely misses you.
Your cerulean imp hits the adder zombie with a -3 spear.
Unknown command.
You hit the adder zombie.
The adder zombie is almost destroyed.
The adder zombie bites you. The centaur zombie hits you.
* * * LOW HITPOINT WARNING * * *
The centaur zombie completely misses you.
Your cerulean imp hits the adder zombie with a -3 spear.
Unknown command.
The adder zombie misses your cerulean imp.
The centaur zombie hits you.
You die...

#..Z# #.Z# #.. #..M#
#ZM# #.. #...# #ZZ#
#..
#..Z#ZZ...ZMZ....#..
#..M#.####Z......#..
#..Z# #.......#..
#.Z.# #.......#..
#5.Z# #.∩.....#..
#..@# ....+####..
#...# #...# #..
#...# #..
#...##############..
#...................
#.........∩∩........
####################


You could see 2 mummies, an adder zombie (distracted, ally target), a goblin
zombie, a centaur zombie, a human zombie and a friendly cerulean imp (summoned).

Vanquished Creatures
  A scorpion (D:3)
  An orc priest (D:3)
  2 adders
  An adder zombie (Ossuary)
  3 orcs (D:3)
  4 endoplasms
  2 giant cockroaches
  5 hobgoblins
  2 jackals (D:3)
  8 kobolds
  2 quokkas (D:1)
  6 ball pythons
  9 bats
  7 frilled lizards
  6 goblins
  5 hobgoblin zombies (Ossuary)
  A jackal zombie (Ossuary)
  7 kobold zombies (Ossuary)
  2 orc zombies (Ossuary)
  5 rats
79 creatures vanquished.

Vanquished Creatures (collateral kills)
  2 hobgoblin zombies (Ossuary)
  A jackal zombie (Ossuary)
  2 kobold zombies (Ossuary)
  3 orc zombies (Ossuary)
8 creatures vanquished.

Grand Total: 87 creatures vanquished

Notes
Turn   | Place    | Note
-------+----------+-------------------------------------------
     0 | D:1      | pokeman the Deep Elf Hedge Wizard began the quest for the
                  | Orb.
     0 | D:1      | Reached XP level 1. HP: 10/10 MP: 7/7
   304 | D:1      | Reached XP level 2. HP: 14/15 MP: 9/9
  1188 | D:2      | Reached skill level 5 in Spellcasting
  1352 | D:2      | Reached XP level 3. HP: 18/20 MP: 11/11
  1356 | D:2      | Learned a level 3 spell: Mephitic Cloud
  1359 | D:2      | Learned a level 2 spell: Call Imp
  1362 | D:2      | Learned a level 2 spell: Blink
  1530 | D:2      | Found an iron altar of Okawaru.
  1844 | D:2      | Reached skill level 1 in Fighting
  1952 | D:2      | Reached skill level 1 in Armour
  2207 | D:3      | Reached XP level 4. HP: 25/25 MP: 13/13
  2578 | D:3      | Noticed wtrnl's ghost (weakling OpIE)
  2579 | D:3      | Noticed a phantom
  2590 | D:3      | Found a runed translucent gate.
  2591 | D:3      | Found a runed translucent gate.
  2593 | D:3      | Found a runed translucent gate.
  2623 | D:3      | Noticed a scorpion
  2639 | D:3      | Killed a scorpion
  2640 | D:3      | Reached skill level 6 in Spellcasting
  2640 | D:3      | Reached XP level 5. HP: 22/29 MP: 12/15
  3048 | D:4      | Noticed a lemure
  3049 | D:4      | Noticed a lemure
  3085 | D:4      | Found a sand-covered staircase.
  3091 | Ossuary  | Entered an ossuary
  3321 | Ossuary  | Slain by a centaur zombie

Illustrated notes

Levels and vault maps discovered:
D:1:      ldierk_walled_garden_2, layout_basic, nicolae_kite_square_tiling_tiny,
          chequers_serial_rivers_micro_c, dk_noncrumbling_2,
          nicolae_houndstooth_variations
D:2:      layout_loops_cross, basic_altar
D:3:      layout_basic, gammafunk_ghost_split, chequers_garden,
          uniq_crazy_yiuf_cottage
D:4:      layout_basic, nicolae_ossuary_entry_false_entrances, uniq_pikel
Ossuary:  ossuary_tomb_1

Skill      XL: |  1  2  3  4 |
---------------+-------------+-----
Spellcasting   | 5 6 |  6.3
Fighting       | 1 |  1.0
Armour         | 1 |  1.0
Conjurations   | 2 |  2.6
Dodging        | 3 |  3.1
Stealth        | 3 |  3.1
Summonings     | |  1.1
Translocations | |  1.1
Air Magic      | |  0.4
Poison Magic   | |  0.3

Action                     |  1- 3 |  4- 6 || total
---------------------------+-------+-------++-------
  Melee: Dagger            |       |    70 ||    70
         Punch             |       |     1 ||     1
   Cast: Magic Dart        |   119 |    35 ||   154
         Mephitic Cloud    |       |     2 ||     2
         Call Imp          |       |     6 ||     6
   Stab: Confused          |       |     1 ||     1
         Distracted        |       |     2 ||     2
 Armour: Robe              |    10 |    49 ||    59
  Dodge: Dodged            |    11 |    60 ||    71

Table legend: (Time is in decaauts)
 A = Elapsed time spent in this place.
 B = Non-inter-level travel time spent in this place.
 C = Inter-level travel time spent in this place.
 D = Time resting spent in this place.
 E = Time spent auto-exploring this place.
 F = Levels seen in this place.
 G = Mean time per level.
                   A        B        C        D        E       F      G
               +--------+--------+--------+--------+--------+-----+--------+
         Total |   3323 |   3262 |     61 |     40 |   2728 |   5 |  664.6 |
       Dungeon |   3093 |   3032 |     61 |      0 |   2719 |   4 |  773.2 |
       Ossuary |    229 |    229 |      0 |     40 |      9 |   1 |  229.0 |
               +--------+--------+--------+--------+--------+-----+--------+

Top non-repeatable levels by time:
     D:1: 1152 daAuts
     D:3: 1051 daAuts
     D:2: 879 daAuts
 Ossuary: 229 daAuts
     D:4: 10 daAuts
